Rangers vs Canucks

Created - January 4 2011 at 18:12

Goals
1 2 3 T
Rangers 4 0 1 5
Canucks 1 0 3 4
Shots
1 2 3 T
Rangers 12 5 8 25
Canucks 11 16 14 41

Period #1

1. Rangers , Mikko Koivu 10 (Teemu Selanne, Mike Weaver) at 2:51
2. Rangers , Andrei Kostitsyn 8 (Lubomir Visnovsky, Chris Kelly) at 11:19
3. Rangers , Scott Gomez 16 (Patrick OSullivan, Chris Mason) at 15:10 (PP)
4. Rangers , Lubomir Visnovsky 8 (Nikolai Kulemin, Scott Gomez) at 17:20 (PP)
5. Canucks , Ian White 7 (Matthew Carle, Brandon Sutter) at 18:41 (PP)

Penalties :
Martin Hanzal (VAN) for Roughing (Minor) at 3:26, Evander Kane (NYR) for Tripping (Minor) at 5:55, Ryan Kesler (VAN) for Holding (Minor) at 12:07, Duncan Keith (VAN) for Hooking (Minor) at 14:26, David Backes (VAN) for Hooking (Minor) at 16:30, Andy Sutton (NYR) for Boarding (Minor) at 17:28, Andy Sutton (NYR) for Tripping (Minor) at 18:53

Period #2

No Goal

Penalties :
Joe Thornton (VAN) for Holding (Minor) at 2:03, Andy Sutton (NYR) for Hooking (Minor) at 6:00, Andy Sutton (NYR) for Tripping (Minor) at 8:04, Jeff Finger (NYR) for Interference (Minor) at 16:48

Period #3

6. Canucks , Loui Eriksson 12 (Erik Karlsson, Joe Thornton) at 6:30 (PP)
7. Canucks , Ian White 8 (Brandon Sutter, Jason LaBarbera) at 9:33 (PP)
8. Canucks , Loui Eriksson 13 (Joe Thornton, Ryan Kesler) at 15:23
9. Rangers , Jeff Finger 4 (Antti Miettinen, Scott Gomez) at 15:45

Penalties :
Dan Cleary (NYR) for Slashing (Minor) at 5:08, Alexander Edler (NYR) for Holding (Minor) at 9:15, Jeff Finger (NYR) for Hooking (Minor) at 11:32, Jeff Finger (NYR) for Cross-checking (Minor) at 16:43, Martin Hanzal (VAN) for Hooking (Minor) at 19:03

Goalie Stats

Chris Mason (NYR), 37 saves from 41 shots - (0.902), W, 11-19-1, 60:00 minutes
Jason LaBarbera (VAN), 12 saves from 13 shots - (0.923), L, 10-5-1, 42:40 minutes
Henrik Lundqvist (VAN), 8 saves from 12 shots - (0.667), 17:20 minutes

Players Stats

Rangers
Player Name              G  A  P  +/- PIM S  H  SB FO    MP 
------------------------------------------------------------
Alexander Edler          0  0  0   1  2   1  3  2  0/0   24 
Andrei Kostitsyn         1  0  1   0  0   1  0  0  1/1   12 
Andy Sutton              0  0  0   0  8   0  6  1  0/0   12 
Antti Miettinen          0  1  1   0  0   0  0  1  1/3   13 
Chris Kelly              0  1  1   1  0   1  2  0  11/28 19 
Dan Cleary               0  0  0   1  2   1  0  0  0/1   14 
Evander Kane             0  0  0   0  2   0  0  0  0/0   7  
Fredrik Modin            0  0  0   0  0   0  0  0  0/1   7  
Jeff Finger              1  0  1   1  6   3  3  1  0/0   18 
Jim Slater               0  0  0   0  0   2  2  0  8/13  16 
Keith Ballard            0  0  0   1  0   0  0  1  0/0   15 
Lubomir Visnovsky        1  1  2   0  0   4  0  0  0/0   21 
Mike Weaver              0  1  1   1  0   0  2  1  0/0   20 
Mikko Koivu              1  0  1   1  0   6  0  0  23/27 22 
Nikolai Kulemin          0  1  1   1  0   1  1  1  1/2   19 
Patrick OSullivan        0  1  1   0  0   0  3  1  0/0   13 
Scott Gomez              1  2  3   1  0   2  0  1  9/16  16 
Teemu Selanne            0  1  1   1  0   3  0  0  0/2   14 
Canucks
Player Name              G  A  P  +/- PIM S  H  SB FO    MP 
------------------------------------------------------------
Brandon Sutter           0  2  2   0  0   1  0  0  14/28 16 
Bruno Gervais            0  0  0   0  0   0  1  0  0/0   6  
Corey Perry              0  0  0   0  0   8  0  0  2/2   22 
David Backes             0  0  0  -2  2   2  3  0  0/0   19 
Duncan Keith             0  0  0   0  2   3  2  2  0/0   24 
Erik Karlsson            0  1  1   0  0   0  0  0  0/0   16 
Fedor Tyutin             0  0  0  -2  0   1  1  2  0/0   15 
Ian White                2  0  2   0  0   3  0  1  0/0   22 
Jay McClement            0  0  0   0  0   0  0  0  7/18  11 
Joe Thornton             0  2  2   0  2   4  2  0  10/29 19 
Loui Eriksson            2  0  2   0  0   8  0  0  0/0   19 
Martin Hanzal            0  0  0  -2  4   1  1  0  7/12  13 
Matthew Carle            0  1  1   0  0   3  0  0  0/0   22 
Mike Komisarek           0  0  0  -2  0   0  0  0  0/0   14 
Milan Lucic              0  0  0   0  0   0  0  0  0/1   9  
Ryan Kesler              0  1  1   0  2   1  2  0  0/1   13 
Tomas Holmstrom          0  0  0   0  0   3  1  0  0/2   16 
Valtteri Filppula        0  0  0  -2  0   3  0  2  0/1   14 

3 Stars

1 - Scott Gomez (NYR)
2 - Ian White (VAN)
3 - Loui Eriksson (VAN)

Power Play

Rangers - 2 on 6 Attempt(s) - 33.33%
Canucks - 3 on 10 Attempt(s) - 30.00%

Penalty Kill

Rangers - 7 on 10 Attempt(s) - 70.00% - Score 0 goal in Penalty Kill
Canucks - 4 on 6 Attempt(s) - 66.67% - Score 0 goal in Penalty Kill

Game Notes

Jason LaBarbera enters game at 17:20 of 1st period
Keith Ballard is injured at 17:36 of 2nd period (Upper Body)

Finance

Level 1 -- Attendance: 6500 (100.00%) -- Ticket Income $520,000.00
Level 2 -- Attendance: 3572 (71.44%) -- Ticket Income $232,180.00
Level 3 -- Attendance: 1919 (54.83%) -- Ticket Income $95,950.00
Level 4 -- Attendance: 1726 (65.63%) -- Ticket Income $43,150.00
Luxury Box -- Attendance: 583 (58.30%) -- Ticket Income $145,750.00
Game was played at the General Motors Place
Total Attendance: 14300 (76.76%)
Total Ticket Income: $1,060,515.00
Other Income: $204,347.70
Total Income: $1,264,863.00


Play by Play

Period #1

0:01 of 1st period - Joe Thornton wins face-off versus Dan Cleary in neutral zone.
0:39 of 1st period - Shot by Mikko Koivu.
0:39 of 1st period - Stopped by Henrik Lundqvist without a rebound.
0:40 of 1st period - Brandon Sutter wins face-off versus Scott Gomez in Canucks zone.
1:19 of 1st period - Shot by Tomas Holmstrom.
1:19 of 1st period - Shot Misses the Net.
2:08 of 1st period - David Backes is hit by Chris Kelly and loses puck.
2:19 of 1st period - Shot by David Backes.
2:19 of 1st period - Shot Misses the Net.
2:21 of 1st period - Shot by David Backes.
2:21 of 1st period - Stopped by Chris Mason without a rebound.
2:22 of 1st period - Joe Thornton wins face-off versus Teemu Selanne in Rangers zone.
2:49 of 1st period - Shot by Teemu Selanne.
2:49 of 1st period - Shot Misses the Net.
2:51 of 1st period - Shot by Mikko Koivu.
2:51 of 1st period - Goal by Mikko Koivu - Rangers : 1 - Canucks : 0.
2:52 of 1st period - Martin Hanzal wins face-off versus Jim Slater in neutral zone.
2:52 of 1st period - David Backes is hit by Jim Slater and loses puck.
3:26 of 1st period - Minor Penalty to Martin Hanzal for Roughing.
3:27 of 1st period - Jay McClement wins face-off versus Scott Gomez in Canucks zone.
3:38 of 1st period - Shot by Lubomir Visnovsky.
3:38 of 1st period - Stopped by Henrik Lundqvist without a rebound.
3:39 of 1st period - Jay McClement wins face-off versus Scott Gomez in Canucks zone.
3:50 of 1st period - Milan Lucic is hit by Nikolai Kulemin and loses puck.
4:21 of 1st period - Icing by Scott Gomez.
4:22 of 1st period - Scott Gomez wins face-off versus Ryan Kesler in Rangers zone.
5:05 of 1st period - Shot by Mikko Koivu.
5:05 of 1st period - Shot Misses the Net.
5:07 of 1st period - Shot by Antti Miettinen.
5:07 of 1st period - Shot Blocked by Duncan Keith.
5:09 of 1st period - Shot by Keith Ballard.
5:09 of 1st period - Shot Blocked by Duncan Keith.
5:11 of 1st period - Shot by Mikko Koivu.
5:11 of 1st period - Stopped by Henrik Lundqvist without a rebound.
5:12 of 1st period - Mikko Koivu wins face-off versus Jay McClement in Canucks zone.
5:41 of 1st period - Shot by Lubomir Visnovsky.
5:41 of 1st period - Stopped by Henrik Lundqvist without a rebound.
5:42 of 1st period - Joe Thornton wins face-off versus Fredrik Modin in Canucks zone.
5:55 of 1st period - Minor Penalty to Evander Kane for Tripping.
5:56 of 1st period - Chris Kelly wins face-off versus Joe Thornton in Rangers zone.
6:47 of 1st period - Jim Slater is hit by David Backes and loses puck.
6:54 of 1st period - Shot by Tomas Holmstrom.
6:54 of 1st period - Shot Misses the Net.
6:56 of 1st period - Shot by Tomas Holmstrom.
6:56 of 1st period - Stopped by Chris Mason with a rebound.
7:36 of 1st period - Shot by Erik Karlsson.
7:36 of 1st period - Deflect By Joe Thornton.
7:36 of 1st period - Stopped by Chris Mason without a rebound.
7:37 of 1st period - Corey Perry wins face-off versus Chris Kelly in Rangers zone.
7:37 of 1st period - Loui Eriksson is hit by Mike Weaver and loses puck.
7:40 of 1st period - Shot by Loui Eriksson.
7:40 of 1st period - Stopped by Chris Mason without a rebound.
7:41 of 1st period - Mikko Koivu wins face-off versus Brandon Sutter in Rangers zone.
8:10 of 1st period - Shot by David Backes.
8:10 of 1st period - Shot Blocked by Antti Miettinen.
8:52 of 1st period - Shot by Corey Perry.
8:52 of 1st period - Deflect By Milan Lucic.
8:52 of 1st period - Shot Misses the Net.
8:58 of 1st period - Duncan Keith is hit by Patrick OSullivan and loses puck.
9:19 of 1st period - Shot by Mikko Koivu.
9:19 of 1st period - Stopped by Henrik Lundqvist without a rebound.
9:20 of 1st period - Jim Slater wins face-off versus Joe Thornton in Canucks zone.
9:40 of 1st period - Icing by Ryan Kesler.
9:41 of 1st period - Mikko Koivu wins face-off versus Joe Thornton in Canucks zone.
11:19 of 1st period - Shot by Andrei Kostitsyn.
11:19 of 1st period - Goal by Andrei Kostitsyn - Rangers : 2 - Canucks : 0.
11:20 of 1st period - Jim Slater wins face-off versus Brandon Sutter in neutral zone.
11:51 of 1st period - Shot by Corey Perry.
11:51 of 1st period - Stopped by Chris Mason without a rebound.
11:52 of 1st period - Mikko Koivu wins face-off versus Joe Thornton in Rangers zone.
11:58 of 1st period - Loui Eriksson is hit by Jeff Finger.
12:07 of 1st period - Minor Penalty to Ryan Kesler for Holding.
12:08 of 1st period - Scott Gomez wins face-off versus Jay McClement in Canucks zone.
12:53 of 1st period - Off-side.
12:54 of 1st period - Mikko Koivu wins face-off versus Jay McClement in neutral zone.
13:27 of 1st period - Shot by Teemu Selanne.
13:27 of 1st period - Shot Misses the Net.
14:15 of 1st period - Shot by Chris Kelly.
14:15 of 1st period - Stopped by Henrik Lundqvist without a rebound.
14:16 of 1st period - Jim Slater wins face-off versus Brandon Sutter in Canucks zone.
14:16 of 1st period - Jim Slater is hit by Duncan Keith.
14:22 of 1st period - Shot by Evander Kane.
14:22 of 1st period - Shot Misses the Net.
14:26 of 1st period - Shot by Jim Slater.
14:26 of 1st period - Stopped by Henrik Lundqvist without a rebound.
14:26 of 1st period - Minor Penalty to Duncan Keith for Hooking.
14:27 of 1st period - Mikko Koivu wins face-off versus Jay McClement in Canucks zone.
15:10 of 1st period - Shot by Scott Gomez.
15:10 of 1st period - Goal by Scott Gomez - Rangers : 3 - Canucks : 0.
15:11 of 1st period - Brandon Sutter wins face-off versus Chris Kelly in neutral zone.
15:46 of 1st period - Shot by Lubomir Visnovsky.
15:46 of 1st period - Stopped by Henrik Lundqvist without a rebound.
15:47 of 1st period - Joe Thornton wins face-off versus Jim Slater in Canucks zone.
15:47 of 1st period - Joe Thornton is hit by Jim Slater.
16:10 of 1st period - Shot by Joe Thornton.
16:10 of 1st period - Deflect By Loui Eriksson.
16:10 of 1st period - Shot Blocked by Jeff Finger.
16:26 of 1st period - Shot by Loui Eriksson.
16:26 of 1st period - Stopped by Chris Mason without a rebound.
16:27 of 1st period - Mikko Koivu wins face-off versus Martin Hanzal in Rangers zone.
16:27 of 1st period - Mikko Koivu is hit by Martin Hanzal.
16:30 of 1st period - Minor Penalty to David Backes for Hooking.
16:31 of 1st period - Mikko Koivu wins face-off versus Martin Hanzal in Canucks zone.
16:32 of 1st period - Shot by Keith Ballard.
16:32 of 1st period - Shot Blocked by Valtteri Filppula.
16:59 of 1st period - Off-side.
17:00 of 1st period - Scott Gomez wins face-off versus Martin Hanzal in neutral zone.
17:16 of 1st period - Shot by Lubomir Visnovsky.
17:16 of 1st period - Shot Misses the Net.
17:20 of 1st period - Shot by Lubomir Visnovsky.
17:20 of 1st period - Goal by Lubomir Visnovsky - Rangers : 4 - Canucks : 0.
17:20 of 1st period - Jason LaBarbera enters game.
17:21 of 1st period - Brandon Sutter wins face-off versus Chris Kelly in neutral zone.
17:21 of 1st period - Brandon Sutter is hit by Patrick OSullivan.
17:28 of 1st period - Minor Penalty to Andy Sutton for Boarding.
17:29 of 1st period - Chris Kelly wins face-off versus Joe Thornton in Rangers zone.
17:50 of 1st period - Shot by Joe Thornton.
17:50 of 1st period - Deflect By Loui Eriksson.
17:50 of 1st period - Stopped by Chris Mason with a rebound.
18:06 of 1st period - Shot by Loui Eriksson.
18:06 of 1st period - Stopped by Chris Mason without a rebound.
18:07 of 1st period - Chris Kelly wins face-off versus Brandon Sutter in Rangers zone.
18:18 of 1st period - Chris Kelly is hit by David Backes and loses puck.
18:39 of 1st period - Shot by Matthew Carle.
18:39 of 1st period - Stopped by Chris Mason with a rebound.
18:41 of 1st period - Shot by Ian White.
18:41 of 1st period - Goal by Ian White - Rangers : 4 - Canucks : 1.
18:42 of 1st period - Andrei Kostitsyn wins face-off versus Jay McClement in neutral zone.
18:51 of 1st period - Corey Perry is hit by Andy Sutton and loses puck.
18:53 of 1st period - Minor Penalty to Andy Sutton for Tripping.
18:54 of 1st period - Joe Thornton wins face-off versus Nikolai Kulemin in Rangers zone.
19:25 of 1st period - Shot by Corey Perry.
19:25 of 1st period - Stopped by Chris Mason without a rebound.
19:26 of 1st period - Brandon Sutter wins face-off versus Jim Slater in Rangers zone.
19:39 of 1st period - Shot by Matthew Carle.
19:39 of 1st period - Shot Misses the Net.
19:58 of 1st period - Icing by Matthew Carle.
19:59 of 1st period - Brandon Sutter wins face-off versus Chris Kelly in Canucks zone.

Period #2

0:01 of 2nd period - Joe Thornton wins face-off versus Chris Kelly in neutral zone.
0:41 of 2nd period - Shot by Loui Eriksson.
0:41 of 2nd period - Shot Blocked by Alexander Edler.
0:43 of 2nd period - Shot by Joe Thornton.
0:43 of 2nd period - Deflect By Loui Eriksson.
0:43 of 2nd period - Shot Blocked by Keith Ballard.
1:01 of 2nd period - Shot by Andrei Kostitsyn.
1:01 of 2nd period - Shot Misses the Net.
1:13 of 2nd period - Shot by Valtteri Filppula.
1:13 of 2nd period - Stopped by Chris Mason with a rebound.
1:17 of 2nd period - Shot by David Backes.
1:17 of 2nd period - Shot Misses the Net.
1:25 of 2nd period - Chris Kelly is hit by David Backes and loses puck.
1:53 of 2nd period - Milan Lucic is hit by Andy Sutton and loses puck.
2:00 of 2nd period - Shot by Corey Perry.
2:00 of 2nd period - Stopped by Chris Mason without a rebound.
2:01 of 2nd period - Scott Gomez wins face-off versus Joe Thornton in Rangers zone.
2:01 of 2nd period - Jeff Finger is hit by Joe Thornton and loses puck.
2:03 of 2nd period - Minor Penalty to Joe Thornton for Holding.
2:04 of 2nd period - Jay McClement wins face-off versus Antti Miettinen in Canucks zone.
2:31 of 2nd period - Shot by Alexander Edler.
2:31 of 2nd period - Shot Blocked by Fedor Tyutin.
2:33 of 2nd period - Shot by Alexander Edler.
2:33 of 2nd period - Shot Misses the Net.
3:07 of 2nd period - Shot by Lubomir Visnovsky.
3:07 of 2nd period - Shot Blocked by Ian White.
3:09 of 2nd period - Shot by Jeff Finger.
3:09 of 2nd period - Stopped by Jason LaBarbera without a rebound.
3:10 of 2nd period - Scott Gomez wins face-off versus Jay McClement in Canucks zone.
3:10 of 2nd period - Dan Cleary is hit by Duncan Keith and loses puck.
3:47 of 2nd period - Nikolai Kulemin is hit by Ryan Kesler.
5:02 of 2nd period - Icing by Keith Ballard.
5:03 of 2nd period - Jim Slater wins face-off versus Martin Hanzal in Rangers zone.
5:18 of 2nd period - Shot by Valtteri Filppula.
5:18 of 2nd period - Stopped by Chris Mason without a rebound.
5:19 of 2nd period - Joe Thornton wins face-off versus Chris Kelly in Rangers zone.
5:28 of 2nd period - Ryan Kesler is hit by Patrick OSullivan and loses puck.
5:37 of 2nd period - Shot by Loui Eriksson.
5:37 of 2nd period - Stopped by Chris Mason without a rebound.
5:38 of 2nd period - Jay McClement wins face-off versus Chris Kelly in Rangers zone.
6:00 of 2nd period - Minor Penalty to Andy Sutton for Hooking.
6:01 of 2nd period - Chris Kelly wins face-off versus Brandon Sutter in Rangers zone.
6:26 of 2nd period - Matthew Carle is hit by Jeff Finger and loses puck.
6:50 of 2nd period - Icing by Joe Thornton.
6:51 of 2nd period - Jim Slater wins face-off versus Joe Thornton in Canucks zone.
7:24 of 2nd period - Shot by Corey Perry.
7:24 of 2nd period - Stopped by Chris Mason without a rebound.
7:25 of 2nd period - Brandon Sutter wins face-off versus Chris Kelly in Rangers zone.
7:42 of 2nd period - Shot by Matthew Carle.
7:42 of 2nd period - Stopped by Chris Mason without a rebound.
7:43 of 2nd period - Corey Perry wins face-off versus Mikko Koivu in Rangers zone.
8:04 of 2nd period - Minor Penalty to Andy Sutton for Tripping.
8:05 of 2nd period - Brandon Sutter wins face-off versus Chris Kelly in Rangers zone.
8:06 of 2nd period - Shot by David Backes.
8:06 of 2nd period - Stopped by Chris Mason without a rebound.
8:07 of 2nd period - Brandon Sutter wins face-off versus Chris Kelly in Rangers zone.
8:26 of 2nd period - Shot by Jim Slater.
8:26 of 2nd period - Stopped by Jason LaBarbera without a rebound.
8:27 of 2nd period - Chris Kelly wins face-off versus Joe Thornton in Canucks zone.
8:38 of 2nd period - Shot by Loui Eriksson.
8:38 of 2nd period - Stopped by Chris Mason without a rebound.
8:39 of 2nd period - Mikko Koivu wins face-off versus Joe Thornton in Rangers zone.
9:22 of 2nd period - Shot by Tomas Holmstrom.
9:22 of 2nd period - Deflect By Brandon Sutter.
9:22 of 2nd period - Stopped by Chris Mason with a rebound.
9:24 of 2nd period - Shot by Ian White.
9:24 of 2nd period - Shot Blocked by Nikolai Kulemin.
9:26 of 2nd period - Shot by Ian White.
9:26 of 2nd period - Stopped by Chris Mason without a rebound.
9:27 of 2nd period - Brandon Sutter wins face-off versus Chris Kelly in Rangers zone.
9:34 of 2nd period - Shot by Tomas Holmstrom.
9:34 of 2nd period - Stopped by Chris Mason with a rebound.
10:21 of 2nd period - Off-side.
10:22 of 2nd period - Mikko Koivu wins face-off versus Jay McClement in neutral zone.
11:29 of 2nd period - Shot by Antti Miettinen.
11:29 of 2nd period - Shot Blocked by Fedor Tyutin.
11:31 of 2nd period - Shot by Nikolai Kulemin.
11:31 of 2nd period - Deflect By Scott Gomez.
11:31 of 2nd period - Stopped by Jason LaBarbera with a rebound.
11:33 of 2nd period - Shot by Nikolai Kulemin.
11:33 of 2nd period - Stopped by Jason LaBarbera with a rebound.
11:36 of 2nd period - Antti Miettinen is hit by Fedor Tyutin and loses puck.
12:16 of 2nd period - Icing by Andy Sutton.
12:17 of 2nd period - Chris Kelly wins face-off versus Brandon Sutter in Rangers zone.
13:19 of 2nd period - Icing by Alexander Edler.
13:20 of 2nd period - Jim Slater wins face-off versus Joe Thornton in Rangers zone.
13:34 of 2nd period - Icing by Joe Thornton.
13:35 of 2nd period - Scott Gomez wins face-off versus Joe Thornton in Canucks zone.
14:25 of 2nd period - Shot by Valtteri Filppula.
14:25 of 2nd period - Deflect By Martin Hanzal.
14:25 of 2nd period - Stopped by Chris Mason without a rebound.
14:26 of 2nd period - Mikko Koivu wins face-off versus Brandon Sutter in Rangers zone.
14:47 of 2nd period - Shot by Mikko Koivu.
14:47 of 2nd period - Stopped by Jason LaBarbera without a rebound.
14:48 of 2nd period - Jay McClement wins face-off versus Chris Kelly in Canucks zone.
15:00 of 2nd period - Icing by Bruno Gervais.
15:01 of 2nd period - Jay McClement wins face-off versus Chris Kelly in Canucks zone.
15:01 of 2nd period - Jay McClement is hit by Chris Kelly.
16:09 of 2nd period - Shot by Joe Thornton.
16:09 of 2nd period - Stopped by Chris Mason without a rebound.
16:10 of 2nd period - Martin Hanzal wins face-off versus Scott Gomez in Rangers zone.
16:11 of 2nd period - Shot by Valtteri Filppula.
16:11 of 2nd period - Stopped by Chris Mason without a rebound.
16:12 of 2nd period - Martin Hanzal wins face-off versus Scott Gomez in Rangers zone.
16:17 of 2nd period - Shot by Valtteri Filppula.
16:17 of 2nd period - Shot Misses the Net.
16:48 of 2nd period - Minor Penalty to Jeff Finger for Interference.
16:49 of 2nd period - Chris Kelly wins face-off versus Brandon Sutter in Rangers zone.
17:35 of 2nd period - Keith Ballard is hit by Joe Thornton and loses puck.
17:36 of 2nd period - Keith Ballard from Rangers is injured at 17:36 of 2nd period (Upper Body).
17:37 of 2nd period - Chris Kelly wins face-off versus Joe Thornton in Rangers zone.
17:56 of 2nd period - Shot by Joe Thornton.
17:56 of 2nd period - Stopped by Chris Mason without a rebound.
17:57 of 2nd period - Nikolai Kulemin wins face-off versus Joe Thornton in Rangers zone.
18:56 of 2nd period - Shot by Valtteri Filppula.
18:56 of 2nd period - Deflect By Martin Hanzal.
18:56 of 2nd period - Shot Misses the Net.
19:00 of 2nd period - Shot by Fedor Tyutin.
19:00 of 2nd period - Stopped by Chris Mason without a rebound.
19:01 of 2nd period - Mikko Koivu wins face-off versus Martin Hanzal in Rangers zone.
19:23 of 2nd period - Shot by Teemu Selanne.
19:23 of 2nd period - Shot Misses the Net.

Period #3

0:01 of 3rd period - Mikko Koivu wins face-off versus Joe Thornton in neutral zone.
0:04 of 3rd period - Shot by Teemu Selanne.
0:04 of 3rd period - Shot Misses the Net.
0:33 of 3rd period - Shot by Loui Eriksson.
0:33 of 3rd period - Shot Misses the Net.
0:38 of 3rd period - Loui Eriksson is hit by Mike Weaver and loses puck.
1:09 of 3rd period - Shot by Corey Perry.
1:09 of 3rd period - Shot Misses the Net.
1:11 of 3rd period - Shot by Duncan Keith.
1:11 of 3rd period - Stopped by Chris Mason without a rebound.
1:12 of 3rd period - Martin Hanzal wins face-off versus Scott Gomez in Rangers zone.
1:17 of 3rd period - Shot by Valtteri Filppula.
1:17 of 3rd period - Shot Misses the Net.
2:13 of 3rd period - Fredrik Modin is hit by Tomas Holmstrom and loses puck.
2:28 of 3rd period - Shot by Corey Perry.
2:28 of 3rd period - Stopped by Chris Mason without a rebound.
2:29 of 3rd period - Joe Thornton wins face-off versus Teemu Selanne in Rangers zone.
2:46 of 3rd period - Shot by Teemu Selanne.
2:46 of 3rd period - Stopped by Jason LaBarbera without a rebound.
2:47 of 3rd period - Chris Kelly wins face-off versus Jay McClement in Canucks zone.
3:19 of 3rd period - Shot by Corey Perry.
3:19 of 3rd period - Deflect By Milan Lucic.
3:19 of 3rd period - Shot Misses the Net.
3:26 of 3rd period - Chris Kelly is hit by Bruno Gervais and loses puck.
3:47 of 3rd period - Shot by Jeff Finger.
3:47 of 3rd period - Stopped by Jason LaBarbera without a rebound.
3:48 of 3rd period - Joe Thornton wins face-off versus Jim Slater in Canucks zone.
4:04 of 3rd period - Alexander Edler is hit by Ryan Kesler and loses puck.
4:55 of 3rd period - Valtteri Filppula is hit by Jeff Finger.
5:08 of 3rd period - Minor Penalty to Dan Cleary for Slashing.
5:09 of 3rd period - Brandon Sutter wins face-off versus Mikko Koivu in Rangers zone.
5:10 of 3rd period - Shot by Duncan Keith.
5:10 of 3rd period - Stopped by Chris Mason without a rebound.
5:11 of 3rd period - Mikko Koivu wins face-off versus Tomas Holmstrom in Rangers zone.
6:00 of 3rd period - Shot by Corey Perry.
6:00 of 3rd period - Stopped by Chris Mason with a rebound.
6:15 of 3rd period - Off-side.
6:16 of 3rd period - Chris Kelly wins face-off versus Joe Thornton in neutral zone.
6:28 of 3rd period - Shot by Erik Karlsson.
6:28 of 3rd period - Shot Misses the Net.
6:30 of 3rd period - Shot by Erik Karlsson.
6:30 of 3rd period - Deflect By Loui Eriksson.
6:30 of 3rd period - Goal by Loui Eriksson - Rangers : 4 - Canucks : 2.
6:31 of 3rd period - Martin Hanzal wins face-off versus Chris Kelly in neutral zone.
7:15 of 3rd period - Mike Komisarek is hit by Andy Sutton and loses puck.
7:25 of 3rd period - Off-side.
7:26 of 3rd period - Jay McClement wins face-off versus Jim Slater in neutral zone.
7:30 of 3rd period - Off-side.
7:31 of 3rd period - Mikko Koivu wins face-off versus Brandon Sutter in neutral zone.
7:38 of 3rd period - Shot by Teemu Selanne.
7:38 of 3rd period - Stopped by Jason LaBarbera without a rebound.
7:39 of 3rd period - Jim Slater wins face-off versus Jay McClement in Canucks zone.
7:40 of 3rd period - Shot by Alexander Edler.
7:40 of 3rd period - Shot Misses the Net.
7:55 of 3rd period - Jay McClement is hit by Alexander Edler and loses puck.
8:06 of 3rd period - Shot by Corey Perry.
8:06 of 3rd period - Shot Misses the Net.
8:10 of 3rd period - Shot by Corey Perry.
8:10 of 3rd period - Stopped by Chris Mason without a rebound.
8:11 of 3rd period - Mikko Koivu wins face-off versus Joe Thornton in Rangers zone.
8:24 of 3rd period - Shot by Mikko Koivu.
8:24 of 3rd period - Shot Misses the Net.
8:28 of 3rd period - Shot by Mikko Koivu.
8:28 of 3rd period - Stopped by Jason LaBarbera without a rebound.
8:29 of 3rd period - Mikko Koivu wins face-off versus Brandon Sutter in Canucks zone.
8:37 of 3rd period - Corey Perry is hit by Alexander Edler and loses puck.
8:44 of 3rd period - Shot by Corey Perry.
8:44 of 3rd period - Shot Blocked by Mike Weaver.
8:48 of 3rd period - Shot by Brandon Sutter.
8:48 of 3rd period - Shot Misses the Net.
8:50 of 3rd period - Shot by Duncan Keith.
8:50 of 3rd period - Deflect By Corey Perry.
8:50 of 3rd period - Shot Misses the Net.
8:52 of 3rd period - Shot by Corey Perry.
8:52 of 3rd period - Shot Misses the Net.
8:56 of 3rd period - Shot by Duncan Keith.
8:56 of 3rd period - Stopped by Chris Mason with a rebound.
9:15 of 3rd period - Minor Penalty to Alexander Edler for Holding.
9:16 of 3rd period - Brandon Sutter wins face-off versus Chris Kelly in Rangers zone.
9:17 of 3rd period - Shot by Tomas Holmstrom.
9:17 of 3rd period - Stopped by Chris Mason without a rebound.
9:18 of 3rd period - Chris Kelly wins face-off versus Brandon Sutter in Rangers zone.
9:33 of 3rd period - Shot by Ian White.
9:33 of 3rd period - Goal by Ian White - Rangers : 4 - Canucks : 3.
9:34 of 3rd period - Martin Hanzal wins face-off versus Chris Kelly in neutral zone.
9:37 of 3rd period - Shot by Valtteri Filppula.
9:37 of 3rd period - Shot Misses the Net.
9:39 of 3rd period - Shot by Martin Hanzal.
9:39 of 3rd period - Deflect By Valtteri Filppula.
9:39 of 3rd period - Shot Misses the Net.
9:41 of 3rd period - Shot by David Backes.
9:41 of 3rd period - Shot Blocked by Patrick OSullivan.
9:43 of 3rd period - Shot by Martin Hanzal.
9:43 of 3rd period - Shot Misses the Net.
9:47 of 3rd period - Shot by Valtteri Filppula.
9:47 of 3rd period - Shot Misses the Net.
10:12 of 3rd period - Martin Hanzal is hit by Andy Sutton and loses puck.
10:29 of 3rd period - Ryan Kesler is hit by Andy Sutton and loses puck.
10:32 of 3rd period - Shot by Ian White.
10:32 of 3rd period - Shot Misses the Net.
10:47 of 3rd period - Joe Thornton is hit by Andy Sutton and loses puck.
10:54 of 3rd period - Shot by Ryan Kesler.
10:54 of 3rd period - Stopped by Chris Mason without a rebound.
10:55 of 3rd period - Mikko Koivu wins face-off versus Jay McClement in Rangers zone.
11:12 of 3rd period - Shot by Corey Perry.
11:12 of 3rd period - Shot Misses the Net.
11:16 of 3rd period - Shot by Corey Perry.
11:16 of 3rd period - Stopped by Chris Mason without a rebound.
11:17 of 3rd period - Scott Gomez wins face-off versus Brandon Sutter in Rangers zone.
11:32 of 3rd period - Minor Penalty to Jeff Finger for Hooking.
11:33 of 3rd period - Brandon Sutter wins face-off versus Mikko Koivu in Rangers zone.
11:44 of 3rd period - Shot by Tomas Holmstrom.
11:44 of 3rd period - Shot Misses the Net.
11:46 of 3rd period - Shot by Matthew Carle.
11:46 of 3rd period - Stopped by Chris Mason without a rebound.
11:47 of 3rd period - Joe Thornton wins face-off versus Mikko Koivu in Rangers zone.
11:50 of 3rd period - Shot by Duncan Keith.
11:50 of 3rd period - Shot Blocked by Alexander Edler.
11:54 of 3rd period - Shot by Loui Eriksson.
11:54 of 3rd period - Shot Misses the Net.
11:56 of 3rd period - Shot by Duncan Keith.
11:56 of 3rd period - Shot Blocked by Scott Gomez.
11:58 of 3rd period - Shot by Corey Perry.
11:58 of 3rd period - Deflect By Joe Thornton.
11:58 of 3rd period - Stopped by Chris Mason without a rebound.
11:59 of 3rd period - Brandon Sutter wins face-off versus Antti Miettinen in Rangers zone.
13:46 of 3rd period - Icing by Jeff Finger.
13:47 of 3rd period - Jim Slater wins face-off versus Jay McClement in Rangers zone.
14:35 of 3rd period - Shot by Teemu Selanne.
14:35 of 3rd period - Shot Misses the Net.
14:39 of 3rd period - Shot by Teemu Selanne.
14:39 of 3rd period - Stopped by Jason LaBarbera with a rebound.
14:41 of 3rd period - Shot by Mike Weaver.
14:41 of 3rd period - Shot Misses the Net.
14:43 of 3rd period - Shot by Mikko Koivu.
14:43 of 3rd period - Shot Misses the Net.
14:47 of 3rd period - Shot by Dan Cleary.
14:47 of 3rd period - Shot Misses the Net.
14:49 of 3rd period - Shot by Mikko Koivu.
14:49 of 3rd period - Shot Misses the Net.
14:51 of 3rd period - Shot by Mike Weaver.
14:51 of 3rd period - Shot Misses the Net.
14:53 of 3rd period - Shot by Alexander Edler.
14:53 of 3rd period - Stopped by Jason LaBarbera without a rebound.
14:54 of 3rd period - Antti Miettinen wins face-off versus Joe Thornton in Canucks zone.
15:17 of 3rd period - Shot by Joe Thornton.
15:17 of 3rd period - Shot Blocked by Andy Sutton.
15:19 of 3rd period - Shot by Loui Eriksson.
15:19 of 3rd period - Shot Misses the Net.
15:21 of 3rd period - Shot by Loui Eriksson.
15:21 of 3rd period - Shot Hit the Post.
15:23 of 3rd period - Shot by Loui Eriksson.
15:23 of 3rd period - Goal by Loui Eriksson - Rangers : 4 - Canucks : 4.
15:24 of 3rd period - Scott Gomez wins face-off versus Valtteri Filppula in neutral zone.
15:43 of 3rd period - Shot by Antti Miettinen.
15:43 of 3rd period - Shot Blocked by Valtteri Filppula.
15:45 of 3rd period - Shot by Jeff Finger.
15:45 of 3rd period - Goal by Jeff Finger - Rangers : 5 - Canucks : 4.
15:46 of 3rd period - Mikko Koivu wins face-off versus Joe Thornton in neutral zone.
16:33 of 3rd period - Icing by Antti Miettinen.
16:34 of 3rd period - Martin Hanzal wins face-off versus Scott Gomez in Rangers zone.
16:34 of 3rd period - Valtteri Filppula is hit by Alexander Edler.
16:43 of 3rd period - Minor Penalty to Jeff Finger for Cross-checking.
16:44 of 3rd period - Mikko Koivu wins face-off versus Brandon Sutter in Rangers zone.
16:52 of 3rd period - Icing by Brandon Sutter.
16:53 of 3rd period - Mikko Koivu wins face-off versus Brandon Sutter in Canucks zone.
17:27 of 3rd period - Icing by Duncan Keith.
17:28 of 3rd period - Mikko Koivu wins face-off versus Joe Thornton in Canucks zone.
18:31 of 3rd period - Icing by Brandon Sutter.
18:32 of 3rd period - Brandon Sutter wins face-off versus Chris Kelly in Canucks zone.
18:55 of 3rd period - Shot by Teemu Selanne.
18:55 of 3rd period - Deflect By Dan Cleary.
18:55 of 3rd period - Stopped by Jason LaBarbera without a rebound.
18:56 of 3rd period - Scott Gomez wins face-off versus Tomas Holmstrom in Canucks zone.
19:03 of 3rd period - Minor Penalty to Martin Hanzal for Hooking.
19:04 of 3rd period - Mikko Koivu wins face-off versus Milan Lucic in Canucks zone.


Output by the SimonT Hockey Simulator (STHS) for Stephane Roy -- Original Page W3C XHTML 1.0 Valid